 Dungeon Crawl Stone Soup version 0.31-a0-846-gb3bcc0d938 (webtiles) character file.

Game seed: 2809660932027893020

252 croobank the Sneak (level 6, -8/43 HPs)
             Began as an Octopode Delver on Oct 3, 2023.
             Mangled by a gnoll
             ... wielding a +0 halberd
              (13 damage)
             ... on level 2 of the Dungeon.
             The game lasted 00:05:19 (1402 turns).

croobank the Sneak (Octopode Delver)                Turns: 1402, Time: 00:05:19

Health: -8/43      AC:  1    Str: 11    XL:     6   Next: 13%
Magic:  6/6        EV: 13    Int: 14    God:
Gold:   66         SH:  4    Dex: 14    Spells: 5/5 levels left

rFire   . . .        g - +1 whip (elec)
rCold   . . .        e - +0 buckler
rNeg    . . .        (helmet restricted)
rPois   .            (no amulet)
rElec   .            i - ring of resist corrosion
rCorr   +            (no ring)
SInv    .            (no ring)
Will    .....        (no ring)
Stlth   +++++        (no ring)
HPRegen 0.27/turn    (no ring)
MPRegen 0.10/turn    (no ring)
                     (no ring)

%: no passive effects
@: no status effects
A: almost no armour, amphibious, 8 rings, camouflage 1, gelatinous body 1,
(nimble swimmer 1), tentacles
a: no special abilities


You were on level 2 of the Dungeon.
You visited 1 branch of the dungeon, and saw 6 of its levels.

You collected 66 gold pieces.

Inventory:

Hand Weapons
 a - a +0 short sword
 g - a +1 whip of electrocution (weapon)
Armour
 e - a +0 buckler (worn)
Magical Staves
 m - a staff of earth
Jewellery
 i - a ring of resist corrosion (left tentacle)
Talismans
 j - a flux talisman
Wands
 f - a wand of digging (3)
Scrolls
 b - a scroll of fog
 c - a scroll of revelation
 d - a scroll of amnesia {unknown}
 k - a scroll of torment {unknown}
Potions
 h - a potion of enlightenment {unknown}
 l - a potion of invisibility {unknown}


   Skills:
 + Level 4.1 Fighting
 + Level 3.5 Short Blades
 + Level 3.4 Dodging
 + Level 7.8 Stealth
 * Level 0.6 Shields


You had 5 spell levels left.
You didn't know any spells.
Your spell library contained the following spells:

 Spells                   Type           Power      Damage    Failure   Level
 Shock                    Conj/Air       0%         1d3       38%         1
 Ensorcelled Hibernation  Hex/Ice        0%         N/A       54%         2
 Passwall                 Tmut/Erth      0%         N/A       54%         2
 Swiftness                Air            0%         N/A       77%         3
 Anguish                  Hex/Necr       0%         N/A       99%         4
 Plasma Beam              Fire/Air       0%         2x1d10    100%        6
 Maxwell's Capacitive Co  Air            0%         ∞         100%        8


Dungeon Overview and Level Annotations

Branches:
Dungeon (6/15)
 Temple: D:4-7

Altars:
Nemelex Xobeh
Zin


Innate Abilities, Weirdness & Mutations

You cannot wear most types of armour.
You are amphibious.
You can wear up to eight rings at the same time.
Your skin changes colour to match your surroundings (Stealth+).
Your rubbery body absorbs attacks. (AC +1, EV +1)
((You are camouflaged when in or above water. (Stealth+)))
You have tentacles for arms and can constrict up to eight enemies at once.


Message History

The adder is moderately wounded.
You constrict the adder.
You feel sick. You block the adder's attack. The adder barely misses you.
You hit the adder.
The adder is almost dead.
You constrict the adder.
You kill the adder!
You feel sick.
You have reached level 6!
You feel sick.
You are no longer poisoned.
HP restored. 2 gnolls come into view.
The gnoll shouts! x2
You block the gnoll's attack.
You hit the gnoll. Lightning courses through the gnoll!
You kill the gnoll!
The gnoll hits you from afar with a +0 spear!
The gnoll hits you with a +0 spear!
A gnoll comes into view. It is wielding a +0 halberd.
You see here a +0 whip.
The gnoll shouts!
You hit the gnoll. Your grab misses the gnoll. Your squeeze misses the gnoll.
The gnoll is moderately wounded.
The gnoll hits you with a +0 spear!
You are too injured to fight recklessly!
You are too injured to fight recklessly!
You are too injured to fight recklessly!
You barely miss the gnoll. You grab the gnoll.
You squeeze the gnoll, but do no damage.
The gnoll is moderately wounded.
You constrict the gnoll. The gnoll hits you with a +0 spear.
The gnoll misses you.
You hit the gnoll. You squeeze the gnoll.
You kill the gnoll!
The gnoll hits you from afar with a +0 halberd!
* * * LOW HITPOINT WARNING * * *
The gnoll attacks as it pursues you!
The gnoll hits you from afar with a +0 halberd!
You die...

###..#####
#..###########
#.............
#......####
#..###.# #..#
#.# ##.###.#
#.....#####.#
#.....@.g)..#
#.###########
#


You could see a gnoll.

Vanquished Creatures
  A scorpion (D:6)
  A howler monkey (D:4)
  A jelly (D:4)
  Jessica (D:2)
  2 gnolls (D:2)
  4 adders
  A worm (D:3)
  4 bats
  4 endoplasms
  2 giant cockroaches
  3 goblins
  5 hobgoblins (D:1)
  3 kobolds
  A quokka (D:1)
  4 ball pythons
  3 frilled lizards (D:1)
  3 rats
43 creatures vanquished.

Notes
Turn   | Place    | Note
-------+----------+-------------------------------------------
     0 | D:5      | croobank the Octopode Delver began the quest for the Orb.
     0 | D:5      | Reached XP level 1. HP: 16/16 MP: 1/1
     1 | D:6      | Noticed a scorpion
     1 | D:6      | Noticed a scorpion
     8 | D:6      | Killed a scorpion
     9 | D:6      | Reached skill level 7 in Stealth
     9 | D:6      | Reached XP level 2. HP: 6/21 MP: 2/2
     9 | D:6      | Reached XP level 3. HP: 7/26 MP: 3/3
     9 | D:6      | Reached XP level 4. HP: 9/31 MP: 4/4
   136 | D:4      | Noticed an ogre
   152 | D:4      | Reached XP level 5. HP: 23/37 MP: 5/5
   218 | D:3      | Found a glowing silver altar of Zin.
   222 | D:3      | Found a sparkling altar of Nemelex Xobeh.
   482 | D:2      | Noticed Jessica
   483 | D:2      | Identified the +2 robe "Qaqaudos" {rElec Dex+2}
   488 | D:2      | Killed Jessica
   731 | D:1      | Got a shiny book
  1353 | D:2      | Reached XP level 6. HP: 36/43 MP: 6/6
  1402 | D:2      | Mangled by a gnoll

Illustrated notes

Levels and vault maps discovered:
D:1:      dpeg_arrival_windows_large_door, layout_basic
D:2:      layout_loops_ring, basic_altar, uniq_jessica
D:3:      layout_basic, mainiacjoe_overflow_catwalk_spiral, uniq_ijyb
D:4:      wad_river_or_something, layout_basic, mainiacjoe_overflow_24_doors
D:5:      layout_basic, nicolae_overflow_crystal_walls, nicolae_letterblocks
          [nicolae_letter_subblock, nicolae_letter_subblock,
          nicolae_letter_subblock, nicolae_letter_subblock,
          nicolae_letter_subblock, nicolae_letter_subblock,
          nicolae_letter_subblock, nicolae_letter_subblock,
          nicolae_letter_subblock, nicolae_letter_subblock,
          nicolae_letter_subblock, nicolae_letter_subblock,
          nicolae_letter_subblock, nicolae_letter_subblock,
          nicolae_letter_subblock, nicolae_letter_subblock,
          nicolae_letter_subblock, nicolae_letter_subblock,
          nicolae_letter_subblock, nicolae_letter_subblock,
          nicolae_letter_subblock, nicolae_letter_subblock,
          nicolae_letter_subblock, nicolae_letter_subblock,
          nicolae_letter_subblock]
D:6:      layout_loops_ring, minmay_temple_entry_offerings

Skill      XL: |  1  2  3  4  5 |
---------------+----------------+-----
Stealth        | 7 |  7.8
Short Blades   | 3 |  3.5
Dodging        | 3 |  3.4
Fighting       | 4 |  4.1
Shields        | |  0.6

Action                     |  1- 3 |  4- 6 || total
---------------------------+-------+-------++-------
  Melee: Short sword       |     4 |    21 ||    25
         Constrict         |     1 |    16 ||    17
         Tentacles         |     1 |    12 ||    13
         Whip              |       |    50 ||    50
         Punch             |       |     1 ||     1
    Use: Scroll            |       |     2 ||     2
         Potion            |       |     1 ||     1
   Stab: Sleeping          |     1 |    21 ||    22
 Armour: Skin              |     2 |    23 ||    25
  Dodge: Dodged            |     1 |    21 ||    22
  Block: Buckler           |       |    11 ||    11

Table legend: (Time is in decaauts)
 A = Elapsed time spent in this place.
 B = Non-inter-level travel time spent in this place.
 C = Inter-level travel time spent in this place.
 D = Time resting spent in this place.
 E = Time spent auto-exploring this place.
 F = Levels seen in this place.
 G = Mean time per level.
                   A        B        C        D        E       F      G
               +--------+--------+--------+--------+--------+-----+--------+
         Total |   1390 |   1366 |     24 |    235 |    742 |   6 |  231.7 |
       Dungeon |   1390 |   1366 |     24 |    235 |    742 |   6 |  231.7 |
               +--------+--------+--------+--------+--------+-----+--------+

Top non-repeatable levels by time:
     D:1: 823 daAuts
     D:3: 215 daAuts
     D:2: 200 daAuts
     D:5: 79 daAuts
     D:4: 52 daAuts
     D:6: 18 daAuts
